 Dungeon Sprint DCSS version 0.30-a0-219-gf2db51d15e (webtiles) character file.

Game seed: 12515401480572811342

14051 rocky1 the Warrior (level 12, -4/146 HPs)
             Began as an Ogre Warper on Oct 8, 2022.
             Was the Champion of Cheibriados.
             Killed from afar by a molten gargoyle (19 damage)
             ... with a bolt of magma
             ... in the Dungeon (Sprint VII: "The Pits").
             The game lasted 00:12:32 (2865 turns).

rocky1 the Warrior (Ogre Warper)                    Turns: 2865, Time: 00:12:32

Health: -4/146     AC:  4    Str: 35    XL:     12   Next: 12%
Magic:  29/29      EV: 15    Int: 31    God:    Cheibriados [******]
Gold:   0          SH:  0    Dex: 23    Spells: 22/37 levels left

rFire   . . .      SeeInvis .    s - +2 morningstar (vorpal)
rCold   . . .      Faith    .    (no shield)
rNeg    . . .      Spirit   .    g - +0 robe
rPois   .          Reflect  .    (helmet restricted)
rElec   .          Harm     .    r - +0 cloak
rCorr   .          Rampage  .    (gloves unavailable)
Will    +....      NoTele   +    (boots unavailable)
Stlth   ++........               (no amulet)
HPRegen 0.44/turn                (no ring)
MPRegen 0.21/turn                (no ring)

@: very slow
A: large, unfitting armour, tough skin 1
a: Renounce Religion, Bend Time, Temporal Distortion, Slouch, Step From Time


You were in the Dungeon.
You worshipped Cheibriados.
Cheibriados was exalted by your worship.
You visited 1 branch

Inventory:

Hand Weapons
 a - a +0 flail of protection
 b - a +4 flail of holy wrath
 s - a +2 vorpal morningstar (weapon)
Missiles
 d - 7 boomerangs of dispersal
 n - 5 large rocks (quivered)
Armour
 g - a +0 robe (worn)
 r - a +0 cloak (worn)
Jewellery
 m - a +3 ring of strength
 o - a +3 ring of intelligence
Scrolls
 c - 2 scrolls of blinking
 k - 5 scrolls of amnesia
 l - a scroll of summoning
Potions
 e - 7 potions of curing
 f - 8 potions of heal wounds
 h - 3 potions of magic
 i - 2 potions of berserk rage
 j - 2 potions of invisibility
 p - 2 potions of resistance
 q - a potion of brilliance


   Skills:
 - Level 16.5 Fighting
 + Level 14.4 Maces & Flails
 - Level 1.0 Throwing
 - Level 5.3 Armour
 - Level 7.3 Dodging
 - Level 13.3 Spellcasting
 - Level 11.5 Translocations
 - Level 5.8 Air Magic
 - Level 11.2 Invocations


You had 22 spell levels left.
You knew the following spells:

 Your Spells              Type           Power      Damage    Failure   Level
a - Blink                 Tloc           100%       N/A       1%          2
b - Lesser Beckoning      Tloc           100%       N/A       1%          3
c - Teleport Other        Tloc           75%        N/A       1%          3
d - Vhi's Electric Charg  Tloc/Air       100%       N/A       1%          3
e - Manifold Assault      Tloc           75%        N/A       1%          4

Your spell library contained the following spells:

 Spells                   Type           Power      Damage    Failure   Level


Dungeon Overview and Level Annotations

Branches:
Dungeon (1/1)

Altars:
Ashenzari
Cheibriados
Dithmenos
Elyvilon
Fedhas
Gozag
Hepliaklqana
Kikubaaqudgha
Makhleb
Nemelex Xobeh
Okawaru
Qazlal
Ru
Sif Muna
Trog
Uskayaw
Vehumet
Wu Jian
Xom
Yredelemnul
Zin
The Shining One
Jiyva
Lugonu


Innate Abilities, Weirdness & Mutations

You are too large for most types of armour.
You have tough skin. (AC +1)


Message History

Things that are here:
a +0 rapier; a +0 leather armour As you close the door, it creaks loudly!
You start resting.
HP restored.
You start resting.
Magic restored.
As you open the door, it creaks loudly!
There is an open door, spattered with blood here.
The snapping turtle hisses angrily.
You sock the molten gargoyle!
The molten gargoyle is severely damaged.
The molten gargoyle hits you with a +0 flail!
You are engulfed in flames!
You hit the molten gargoyle but do no damage.
The molten gargoyle is severely damaged.
The molten gargoyle blasts magma at you!
The bolt of magma hits you!!
You hit the molten gargoyle but do no damage.
The molten gargoyle is severely damaged.
The molten gargoyle hits you with a +0 flail!
You are engulfed in flames!
You hit the molten gargoyle but do no damage.
The molten gargoyle is severely damaged.
You hit the molten gargoyle but do no damage.
The molten gargoyle is severely damaged.
The molten gargoyle hits you with a +0 flail.
You are engulfed in flames!
You hit the molten gargoyle.
The molten gargoyle is almost destroyed.
The molten gargoyle blasts magma at you!
The bolt of magma hits you!!!
* * * LOW HITPOINT WARNING * * *
Unknown command.
You feel much better.
The snapping turtle bites you from afar!!
* * * LOW HITPOINT WARNING * * *
The molten gargoyle blasts magma at you!
The bolt of magma hits you!!
You die...

#####################
########### #########
...+.)+...### .......
...+.)+)))..##......
..##÷.##))...# ....#
###....###.... ....#
#........###)###..# #)#
...#))#...#....#9.#.....
).........'...)'@.t.)...
...#..#...#....#).#...†.
#).......###.###..# #)#
###....###....#.)..#
..##..##.....##.)..#
...+..'†....##..))..
...+..'...### .......
########### #########


You could see a snapping turtle and a molten gargoyle.

Vanquished Creatures
  A hydra (D)
  A rakshasa (D)
  A merfolk avatar (D)
  A death knight (D)
  A death yak (D)
  An orc high priest (D)
  A sixfirhy (D)
  A deep elf zephyrmancer (D)
  A manticore (D)
  3 cyclopes (D)
  An elephant (D)
  A rust devil (D)
  A black mamba (D)
  A molten gargoyle (D)
  An eye of devastation (D)
  A gargoyle (D)
  A merfolk siren (D)
  An unseen horror (D)
  A yaktaur (D)
  A hellwing (D)
  An efreet (D)
  A freezing wraith (D)
  A wandering mushroom (D)
  A hornet (D)
  A blink frog (D)
  A flying skull (D)
  A ynoxinul (D)
  3 yaks (D)
  Eustachio (D)
  8 vampire mosquitoes (D)
  Edmund (D)
  A warg (D)
  A water moccasin (D)
  2 floating eyes (D)
  A black bear (D)
  An ice beast (D)
  6 wolves (D)
  3 centaurs (D)
  A kobold brigand (D)
  2 scorpions (D)
  4 wights (D)
  A small abomination (D)
  An iron imp (D)
  2 gnoll boudas (D)
  An iguana (D)
  3 orc wizards (D)
  A mummy (D)
  7 gnolls (D)
  A river rat (D)
  An ufetubus (D)
  An adder skeleton (D)
  6 orcs (D)
  A bat skeleton (D)
  2 giant cockroaches (D)
  2 goblins (D)
  A hobgoblin (D)
  3 bats (D)
98 creatures vanquished.

Notes
Turn   | Place    | Note
-------+----------+-------------------------------------------
     0 | D        | rocky1 the Ogre Warper began the quest for the Orb.
     0 | D        | Reached XP level 1. HP: 22/22 MP: 3/3
    11 | D        | Noticed a floating eye
    16 | D        | Paralysed by a floating eye for 3 turns
    22 | D        | Killed a floating eye
    23 | D        | Reached skill level 5 in Fighting
    23 | D        | Reached XP level 2. HP: 36/36 MP: 3/7
    23 | D        | Reached XP level 3. HP: 44/44 MP: 3/9
    23 | D        | Reached XP level 4. HP: 52/52 MP: 3/10
   207 | D        | Found a bloodstained altar of Trog.
   207 | D        | Found a shimmering blue altar of Sif Muna.
   207 | D        | Found a viscous altar of Jiyva.
   207 | D        | Found a hazy altar of Hepliaklqana.
   207 | D        | Found an opulent altar of Gozag.
   218 | D        | Found a glowing golden altar of the Shining One.
   218 | D        | Found a glowing silver altar of Zin.
   218 | D        | Found a basalt altar of Yredelemnul.
   218 | D        | Found a shimmering altar of Xom.
   218 | D        | Found an ornate altar of the Wu Jian Council.
   218 | D        | Found a sacrificial altar of Ru.
   218 | D        | Found a stormy altar of Qazlal.
   218 | D        | Found an iron altar of Okawaru.
   218 | D        | Found a sparkling altar of Nemelex Xobeh.
   218 | D        | Found a burning altar of Makhleb.
   218 | D        | Found a blossoming altar of Fedhas.
   218 | D        | Found a white marble altar of Elyvilon.
   218 | D        | Found a shadowy altar of Dithmenos.
   218 | D        | Found a snail-covered altar of Cheibriados.
   221 | D        | Found a corrupted altar of Lugonu.
   221 | D        | Found a radiant altar of Vehumet.
   222 | D        | Found an ancient bone altar of Kikubaaqudgha.
   222 | D        | Found a hide-covered altar of Uskayaw.
   222 | D        | Found a broken altar of Ashenzari.
   229 | D        | Became a worshipper of Cheibriados the Contemplative
   246 | D        | Noticed a floating eye
   252 | D        | Paralysed by a floating eye for 3 turns
   256 | D        | Killed a floating eye
   256 | D        | Reached * piety under Cheibriados
   257 | D        | Reached skill level 8 in Fighting
   257 | D        | Reached skill level 5 in Maces & Flails
   257 | D        | Reached XP level 5. HP: 60/63 MP: 12/12
   264 | D        | Reached skill level 5 in Spellcasting
   265 | D        | Reached ** piety under Cheibriados
   273 | D        | Learned a level 2 spell: Blink
   277 | D        | Learned a level 3 spell: Lesser Beckoning
   281 | D        | Learned a level 3 spell: Teleport Other
   285 | D        | Learned a level 3 spell: Vhi's Electric Charge
   292 | D        | Reached *** piety under Cheibriados
   296 | D        | Reached XP level 6. HP: 69/72 MP: 13/13
   305 | D        | Learned a level 4 spell: Manifold Assault
   359 | D        | Noticed a water moccasin
   365 | D        | Reached **** piety under Cheibriados
   367 | D        | Killed a water moccasin
   367 | D        | Reached ***** piety under Cheibriados
   368 | D        | Reached skill level 9 in Fighting
   368 | D        | Reached skill level 5 in Translocations
   375 | D        | Reached XP level 7. HP: 44/83 MP: 1/16
   632 | D        | Noticed a cyclops
   644 | D        | Killed a cyclops
   645 | D        | Reached skill level 10 in Fighting
   809 | D        | Noticed Edmund
   810 | D        | Reached ****** piety under Cheibriados
   811 | D        | Reached XP level 8. HP: 96/96 MP: 14/20
   815 | D        | Reached skill level 11 in Fighting
   822 | D        | Killed Edmund
   840 | D        | Noticed a flying skull
   840 | D        | Noticed a hornet
   840 | D        | Noticed a merfolk siren
   841 | D        | Killed a hornet
   841 | D        | Killed a flying skull
   850 | D        | Killed a merfolk siren
   851 | D        | Reached skill level 12 in Fighting
   851 | D        | Reached XP level 9. HP: 91/107 MP: 17/22
   991 | D        | Noticed a molten gargoyle
   996 | D        | Killed a molten gargoyle
  1004 | D        | Reached skill level 10 in Spellcasting
  1005 | D        | Reached skill level 13 in Fighting
  1008 | D        | Reached skill level 10 in Invocations
  1246 | D        | Noticed a cyclops
  1254 | D        | Killed a cyclops
  1261 | D        | Noticed an efreet
  1261 | D        | Noticed a death yak
  1261 | D        | Noticed a deep elf zephyrmancer
  1263 | D        | Killed a deep elf zephyrmancer
  1263 | D        | Killed an efreet
  1264 | D        | Reached skill level 14 in Fighting
  1264 | D        | Reached skill level 10 in Maces & Flails
  1264 | D        | Reached XP level 10. HP: 122/122 MP: 13/25
  1271 | D        | Killed a death yak
  1393 | D        | Reached skill level 1 in Armour
  1393 | D        | Reached skill level 10 in Translocations
  1393 | D        | Reached skill level 1 in Air Magic
  1393 | D        | Noticed an elephant
  1402 | D        | Killed an elephant
  1501 | D        | Noticed a merfolk avatar
  1501 | D        | Noticed a five-headed hydra
  1509 | D        | Killed a five-headed hydra
  1510 | D        | Reached skill level 15 in Fighting
  1510 | D        | Reached skill level 5 in Dodging
  1513 | D        | Killed a merfolk avatar
  1876 | D        | Noticed an eye of devastation
  1886 | D        | Killed an eye of devastation
  1887 | D        | Reached XP level 11. HP: 117/132 MP: 27/27
  2243 | D        | Noticed a cyclops
  2252 | D        | Killed a cyclops
  2253 | D        | Reached skill level 16 in Fighting
  2254 | D        | Reached skill level 5 in Air Magic
  2255 | D        | Noticed a death knight
  2267 | D        | Killed a death knight
  2268 | D        | Reached skill level 5 in Armour
  2486 | D        | Noticed an orc high priest
  2495 | D        | Killed an orc high priest
  2765 | D        | Noticed a sixfirhy
  2765 | D        | Noticed a rakshasa
  2765 | D        | Noticed a manticore
  2768 | D        | Killed a manticore
  2768 | D        | Noticed Eustachio
  2769 | D        | Killed a rakshasa
  2769 | D        | Killed a sixfirhy
  2770 | D        | Reached XP level 12. HP: 108/146 MP: 9/29
  2788 | D        | Killed Eustachio
  2865 | D        | Killed from afar by a molten gargoyle

Illustrated notes

Levels and vault maps discovered:
D:        pitsprint [storerooms_1, entrance_room_1, metal_vault_4, armoury_1,
          mini_pit_1, grid_room_1, main_hall_1, silver_pit, the_coven_3,
          the_vestibule_1, steel_vault_2, golden_pit, hallway_of_sentries,
          crystal_vault_1, iron_vault_4, final_vault]

Skill      XL: |  1  2  3  4  5  6  7  8  9 10 11 |
---------------+----------------------------------+-----
Fighting       | 5 8 9 10 12 14 15 16 | 16.5
Maces & Flails | 3 5 6 7 8 10 11 14 | 14.4
Dodging        | 4 5 7 |  7.3
Spellcasting   | 4 5 6 8 9 11 12 13 | 13.3
Translocations | 4 5 6 8 9 10 11 | 11.5
Invocations    | 4 6 7 9 10 11 | 11.2
Armour         | 3 5 |  5.3
Air Magic      | 3 5 |  5.8
Throwing       | |  1.0

Action                   |  1- 3 |  4- 6 |  7- 9 | 10-12 || total
-------------------------+-------+-------+-------+-------++-------
Melee: Mace              |     8 |    33 |    37 |       ||    78
       Morningstar       |       |       |    16 |    94 ||   110
       Punch             |       |       |     1 |       ||     1
 Cast: Manifold Assault  |       |     1 |       |    12 ||    13
       Vhi's Electric Ch |       |       |     3 |     3 ||     6
       Teleport Other    |       |       |       |     2 ||     2
Invok: Slouch            |       |     1 |     5 |    16 ||    22
  Use: Potion            |       |       |     3 |     3 ||     6
 Stab: Sleeping          |       |       |     1 |     1 ||     2
Armor: Robe              |       |     7 |    11 |     7 ||    25
Dodge: Dodged            |       |    15 |    29 |    57 ||   101

Table legend: (Time is in decaauts)
 A = Elapsed time spent in this place.
 B = Non-inter-level travel time spent in this place.
 C = Inter-level travel time spent in this place.
 D = Time resting spent in this place.
 E = Time spent auto-exploring this place.
 F = Levels seen in this place.
 G = Mean time per level.
                   A        B        C        D        E       F      G
               +--------+--------+--------+--------+--------+-----+--------+
         Total |   3323 |   3157 |    166 |   2063 |      0 |   1 | 3323.0 |
       Dungeon |   3323 |   3157 |    166 |   2063 |      0 |   1 | 3323.0 |
               +--------+--------+--------+--------+--------+-----+--------+

Top non-repeatable levels by time:
       D: 3323 daAuts
